 Dungeon Crawl Stone Soup version 0.19.1 (webtiles) character file.

95 esteth the Insei (level 4, -2/40 HPs)
             Began as a Demonspawn Monk on Dec 22, 2016.
             Killed by nerve-wracking pain
             ... invoked by Grinder
              (13 damage)
             ... on level 3 of the Dungeon.
             The game lasted 00:06:37 (2475 turns).

esteth the Insei (Demonspawn Monk)                  Turns: 2475, Time: 00:06:37

Health: -2/40      AC:  5    Str: 12    XL:     4   Next: 40%
Magic:  4/4        EV: 15    Int: 11    God:
Gold:   181        SH:  0    Dex: 16    Spells: 0 memorised, 3 levels left

rFire  . . .     SeeInvis .       - Unarmed
rCold  . . .     Gourm    .     k - +0 leather armour
rNeg   . . .     Faith    .     (no shield)
rPois  .         Spirit   .     (helmet restricted)
rElec  .         Reflect  .     (no cloak)
rCorr  .         Harm     .     e - +0 pair of gloves
MR     .....                    l - +0 pair of boots
Stlth  +.........               n - amulet of inaccuracy
                                (no ring)
                                c - ring of loudness

@: no status effects
A: horns 1, repulsion field 1, demonic guardian 1, robust 1, wild magic 1, no
device heal 1
a: no special abilities


You were on level 3 of the Dungeon.
You were not hungry.

You visited 1 branch of the dungeon, and saw 3 of its levels.

You collected 181 gold pieces.

Inventory:

Armour
 a - a +0 robe
 e - a +0 pair of gloves (worn)
 k - a +0 leather armour (worn)
 l - a +0 pair of boots (worn)
Jewellery
 c - a ring of loudness (left hand)
 f - a +2 amulet of reflection
 n - an amulet of inaccuracy (around neck)
Scrolls
 o - a scroll of magic mapping {unknown}
Potions
 g - 2 potions of haste
 i - a potion of agility {unknown}
 p - 2 potions of curing
Comestibles
 b - a bread ration
 d - a slice of pizza
 h - a beef jerky
 j - 2 fruits
 m - a meat ration


   Skills:
 + Level 3.8 Fighting
 - Level 2.6 Dodging
 - Level 1.7 Stealth
 * Level 4.2 Unarmed Combat


You had 3 spell levels left.
You didn't know any spells.

Dungeon Overview and Level Annotations

Branches:
Dungeon (3/15)

Altars:
The Shining One

Annotations:
D:3 Grinder


Innate Abilities, Weirdness & Mutations

You have a pair of small horns on your head.
You are surrounded by a mild repulsion field. (EV +2)
A weak demonic guardian rushes to your aid.
You are robust. (+10% HP)
Your spells are a little harder to cast, but a little more powerful.
Potions and wands are less effective at restoring your health.


Message History

Grinder hits you!
You writhe in agony.
You closely miss Grinder.
Grinder is heavily wounded.
The orc hits you but does no damage.
Your ufetubus hits the orc but does no damage.
Your ufetubus misses the orc. Grinder gestures at you.
Pain shoots through your body!
* * * LOW HITPOINT WARNING * * *
You hit Grinder but do no damage. You headbutt Grinder.
Grinder is heavily wounded.
Your ufetubus barely misses the orc.
Your ufetubus hits the orc. The orc completely misses you.
You hit Grinder. You headbutt Grinder, but do no damage.
Grinder is heavily wounded.
Your ufetubus hits the orc. x2
The orc dies!
Grinder gestures at you. Pain shoots through your body!
You die...

#.. #.. #...
#...
##...####
#....5..#
##....[5.#
.%... #@.#
#....#..####
#..........#
#.####.###.#
..[# #.#
..####
#.###### ##
#......#
#.####.#
#.####.#


You could see Grinder and a friendly ufetubus.

Vanquished Creatures
  4 adders
  A worm (D:2)
  A dart slug (D:2)
  A ball python (D:1)
  3 giant cockroaches
  3 goblins
  7 hobgoblins
  7 jackals (D:1)
  6 kobolds
  A quokka (D:2)
  5 bats
  5 frilled lizards
  9 rats
53 creatures vanquished.

Vanquished Creatures (collateral kills)
  An orc (D:3)
1 creature vanquished.

Grand Total: 54 creatures vanquished

Notes
Turn   | Place    | Note
-------+----------+-------------------------------------------
     0 | D:1      | esteth the Demonspawn Monk began the quest for the Orb.
     0 | D:1      | Reached XP level 1. HP: 18/18 MP: 1/1
    58 | D:1      | Reached skill level 3 in Unarmed Combat
    86 | D:1      | Gained mutation: You have a pair of small horns on your head. [demonic ancestry]
    86 | D:1      | Reached XP level 2. HP: 8/24 MP: 2/2
   785 | D:1      | Gained mutation: Potions and wands are less effective at restoring your health. [potion of mutation]
   785 | D:1      | Gained mutation: Your spells are a little harder to cast, but a little more powerful. [potion of mutation]
   785 | D:1      | Gained mutation: You are robust. (+10% HP) [potion of mutation]
   797 | D:1      | Gained mutation: You are surrounded by a mild repulsion field. (EV +2) [demonic ancestry]
   797 | D:1      | Reached XP level 3. HP: 13/31 MP: 3/3
  1690 | D:2      | Found a faded altar of an unknown god.
  1690 | D:2      | Found a glowing golden altar of the Shining One.
  1700 | D:2      | Found a faded altar of an unknown god.
  1703 | D:2      | Found a faded altar of an unknown god.
  1705 | D:2      | Found a faded altar of an unknown god.
  1969 | D:2      | Reached skill level 4 in Unarmed Combat
  2034 | D:2      | Gained mutation: A weak demonic guardian rushes to your aid. [demonic ancestry]
  2034 | D:2      | Reached XP level 4. HP: 28/39 MP: 4/4
  2436 | D:3      | Noticed Grinder
  2461 | D:3      | Paralysed by Grinder for 2 turns
  2475 | D:3      | Killed from afar by Grinder

Skill      XL: |  1  2  3 |
---------------+----------+-----
Unarmed Combat | 3 4 |  4.2
Fighting       | |  3.8
Dodging        | |  2.6
Stealth        | |  1.7

Action                   |  1- 3 |  4- 6 || total
-------------------------+-------+-------++-------
Melee: Unarmed           |   174 |    58 ||   232
       Headbutt          |    18 |     7 ||    25
  Use: Potion            |     5 |       ||     5
       Scroll            |     3 |       ||     3
 Stab: Sleeping          |     1 |       ||     1
  Eat: Chunk             |     3 |     2 ||     5
Armor: Robe              |    20 |       ||    20
       Leather armour    |    11 |    10 ||    21
Dodge: Dodged            |   127 |    42 ||   169
